 Dungeon Crawl Stone Soup version 0.21-a0-504-g2eda330 (webtiles) character file.

1488 sagitran the Chiller (level 8, -1/57 HPs)
             Began as a Barachi Ice Elementalist on Nov 26, 2017.
             Was an Initiate of Cheibriados.
             Succumbed to an orc wizard's poison
             ... on level 6 of the Dungeon.
             The game lasted 00:40:51 (7279 turns).

sagitran the Chiller (Barachi Ice Elementalist)     Turns: 7279, Time: 00:40:52

Health: -1/57      AC:  7    Str: 11 (12) XL:     8   Next: 80%
Magic:  1/16       EV: 12    Int: 22      God:    Cheibriados [......]
Gold:   349        SH:  0    Dex: 14      Spells: 4/18 levels left

rFire    + . .     SeeInvis .   l - +5 great sword
rCold    + . .     Gourm    .   (shield currently unavailable)
rNeg     . . .     Faith    .   d - +0 leather armour
rPois    .         Spirit   .   (no helmet)
rElec    .         Reflect  .   n - +2 cloak
rCorr    .         Harm     .   (no gloves)
MR       .....                  o - +0 pair of boots
Stlth    +.........             J - amulet of regeneration
HPRegen  0.59/turn              h - ring of protection from fire
MPRegen  0.15/turn              x - ring of protection from cold

@: brilliant, lethally poisoned (-1 -> -45), flying, hasted, drained
A: +LOS, swims, slowness 1, strong legs 1
a: Hop, Bend Time, Renounce Religion


You were on level 6 of the Dungeon.
You worshipped Cheibriados.
Cheibriados was noncommittal.
You were not hungry.

You visited 2 branches of the dungeon, and saw 7 of its levels.

You collected 349 gold pieces.

Inventory:

Hand Weapons
 e - a +2 dagger of freezing
 j - a +1 spear
 l - a +5 great sword (weapon)
 m - a +2 falchion
 p - a +3 scimitar
 D - a +3 dagger of venom
Armour
 a - a +0 robe
 d - a +0 leather armour (worn)
 n - a +2 cloak (worn)
 o - a +0 pair of boots (worn)
Jewellery
 h - a ring of protection from fire (left hand)
 k - a cursed ring of fire {unknown}
 x - a ring of protection from cold (right hand)
 J - an amulet of regeneration (around neck)
Wands
 u - a wand of flame (24)
 E - a wand of digging (10)
Scrolls
 f - a scroll of amnesia
 g - a scroll of summoning {unknown}
 i - 4 scrolls of teleportation
 w - a scroll of random uselessness {unknown}
 y - 2 scrolls of fog {unknown}
 H - a scroll of magic mapping
Potions
 B - a potion of agility {unknown}
Books
 b - a book of Frost

   Spells                             Type                      Level
   a - Freeze                         Ice                          1
   b - Throw Frost                    Conjuration/Ice              2
   c - Ozocubu's Armour               Charms/Ice                   3
   d - Throw Icicle                   Conjuration/Ice              4
   e - Summon Ice Beast               Ice/Summoning                4
Comestibles
 c - 2 bread rations
 t - 4 chunks of flesh


   Skills:
 + Level 2.5(1.4) Fighting
 + Level 1.1(1.5) Short Blades
 + Level 4.1(3.1) Long Blades
 + Level 2.8(1.7) Polearms
 + Level 1.7(0.7) Throwing
 + Level 3.5(2.4) Armour
 + Level 3.8(2.7) Dodging
 + Level 2.0(0.9) Stealth
 + Level 5.5(4.3) Spellcasting
 + Level 2.4(1.3) Conjurations
 + Level 7.0(5.8) Ice Magic


You had 4 spell levels left.
You knew the following spells:

 Your Spells              Type           Power        Failure   Level  Hunger
a - Freeze                Ice            ####         1%          1    None
b - Throw Frost           Conj/Ice       ####..       1%          2    #......
c - Ozocubu's Armour      Chrm/Ice       ####....     1%          3    ##.....
d - Throw Icicle          Conj/Ice       ####....     4%          4    ####...
e - Summon Ice Beast      Ice/Summ       ####....     4%          4    ####...


Dungeon Overview and Level Annotations

Branches:
Dungeon (6/15)             Temple (1/1) D:6

Altars:
Cheibriados
Dithmenos
Gozag
Hepliaklqana
Kikubaaqudgha
Nemelex Xobeh
Sif Muna
Trog
Wu Jian
Xom
Zin

Annotations:
D:4 Natasha


Innate Abilities, Weirdness & Mutations

Shadows flee at your approach. (+LOS)
You can swim through water.
You cover ground slowly.
You can hop short distances.


Message History

Cheibriados forgives your accidental hurry, just this once.
* * * LOW HITPOINT WARNING * * *
You feel sick. Something hits you but does no damage.
You are more poisoned.
You barely miss something.
* * * LOW HITPOINT WARNING * * *
You feel very sick. Something hits you but does no damage.
You are more poisoned.
You barely miss something.
* * * LOW HITPOINT WARNING * * *
You feel very sick. Something hits you.
* * * LOW HITPOINT WARNING * * *
You are more poisoned.
Something hits you but does no damage.
You are more poisoned.
It was a potion of brilliance.
You feel clever all of a sudden.
You die...

.#.........#.##
.#.######.##.#
.#.######.##.#
..........##'##
###########...## ####
##.....## ##.###
##.......##
.....###.........####...#
.....).'.......[@{...†...
.....###.........####....
.....# ##.......## .....#
##.....## ##..## ##.(.##
###.# ##'## #_'.# #.#
##### #.# #.#


There were no monsters in sight!

Vanquished Creatures
  Sigmund (D:2)
  2 phantoms
  A scorpion (D:5)
  4 wights (D:5)
  3 crimson imps
  A centaur skeleton (D:5)
  4 hounds
  An orc priest (D:2)
  A bullfrog skeleton (D:5)
  8 orc wizards
  Terence (D:3)
  An iguana (D:5)
  Natasha (twice) (D:4)
  A worker ant (D:5)
  A worker ant zombie (D:6)
  8 adders
  An ooze (D:5)
  An adder skeleton (D:4)
  3 worms
  A dart slug (D:1)
  5 leopard geckos
  16 orcs
  3 giant cockroaches
  9 hobgoblins
  2 jackals (D:1)
  7 bats
  8 frilled lizards
  6 goblins
  13 kobolds
  2 leopard gecko skeletons
  9 rats
126 creatures vanquished.

Vanquished Creatures (collateral kills)
  A scorpion (D:5)
  A wight (D:5)
  An orc wizard (D:5)
  2 orcs (D:5)
5 creatures vanquished.

Grand Total: 131 creatures vanquished

Notes
Turn   | Place    | Note
-------+----------+-------------------------------------------
     0 | D:1      | sagitran the Barachi Ice Elementalist began the quest for the Orb.
     0 | D:1      | Reached XP level 1. HP: 13/13 MP: 3/3
   375 | D:1      | Reached XP level 2. HP: 18/19 MP: 5/5
   390 | D:1      | Learned a level 2 spell: Throw Frost
   489 | D:1      | Reached skill level 4 in Ice Magic
   821 | D:1      | Reached XP level 3. HP: 19/24 MP: 2/6
  1182 | D:1      | Reached skill level 1 in Short Blades
  1595 | D:2      | Reached skill level 1 in Armour
  1863 | D:2      | Reached XP level 4. HP: 23/30 MP: 0/8
  2477 | D:2      | Noticed Sigmund
  2501 | D:2      | Killed Sigmund
  2501 | D:2      | Reached skill level 1 in Fighting
  2501 | D:2      | Reached skill level 1 in Polearms
  2501 | D:2      | Reached skill level 5 in Ice Magic
  2501 | D:2      | Reached XP level 5. HP: 34/37 MP: 0/10
  2501 | D:2      | Reached XP level 6. HP: 39/43 MP: 0/11
  2506 | D:2      | Learned a level 3 spell: Ozocubu's Armour
  2511 | D:2      | Learned a level 4 spell: Throw Icicle
  2864 | D:3      | Found an ancient bone altar of Kikubaaqudgha.
  2885 | D:3      | Noticed Terence
  2900 | D:3      | Killed Terence
  3963 | D:4      | Noticed Natasha
  3967 | D:4      | Killed Natasha
  4005 | D:4      | Found an opulent altar of Gozag.
  4052 | D:4      | Learned a level 4 spell: Summon Ice Beast
  4052 | D:4      | Found a hazy altar of Hepliaklqana.
  4089 | D:4      | Reached XP level 7. HP: 44/48 MP: 7/14
  4189 | D:4      | Reached skill level 5 in Spellcasting
  4211 | D:4      | Found a deep blue altar of Sif Muna.
  4212 | D:4      | Found a glowing silver altar of Zin.
  4298 | D:4      | Found an ornate altar of the Wu Jian Council.
  4404 | D:4      | Noticed Natasha
  4414 | D:4      | Killed Natasha
  4649 | D:4      | Noticed Natasha
  5084 | D:5      | Entered Level 5 of the Dungeon
  5281 | D:5      | Reached skill level 6 in Ice Magic
  5851 | D:5      | Reached XP level 8. HP: 39/54 MP: 8/16
  6010 | D:5      | Reached skill level 7 in Ice Magic
  6394 | D:5      | Reached skill level 1 in Long Blades
  6530 | D:5      | Found a shadowy altar of Dithmenos.
  6955 | D:6      | Found a staircase to the Ecumenical Temple.
  6969 | Temple   | Entered the Ecumenical Temple
  6986 | Temple   | Became a worshipper of Cheibriados the Contemplative
  7048 | D:6      | Reached skill level 1 in Throwing
  7122 | D:6      | Found a sparkling altar of Nemelex Xobeh.
  7222 | D:6      | Found a shimmering altar of Xom.
  7278 | D:6      | HP: 2/57 [something (5)]
  7279 | D:6      | Succumbed to an orc wizard's poison

Vault maps used:
D:1:      scummos_arrival_hexagon, minmay_nonomino_d4
D:2:      serial_forest, infiniplex_forest_straight_3,
          infiniplex_forest_clump_small, infiniplex_forest_corner_1,
          infiniplex_forest_straight_2, infiniplex_forest_clump_long,
          infiniplex_forest_lined_room_2, uniq_sigmund
D:3:      lemuel_doored_altar, uniq_terence
D:4:      lemuel_crystal_altar, nicolae_overflow_hidden_temple,
          gammafunk_temple_overflow_statue, marbit_many_paths, uniq_natasha
D:5:      kennysheep_little_box, first_bread
D:6:      kennysheep_mini, nemelex_xobeh_ov_fountains_minmay,
          minmay_temple_entry_trees, basic_altar
Temple:   hc_temple_tempest_star

Skill      XL: |  1  2  3  4  5  6  7  8 |
---------------+-------------------------+-----
Ice Magic      | 4 5 6 7 |  7.0
Short Blades   | 1 |  1.1
Armour         | 1 2 3 |  3.5
Spellcasting   | 3 4 5 |  5.5
Fighting       | 1 2 |  2.5
Polearms       | 1 2 |  2.8
Dodging        | 3 |  3.8
Stealth        | 2 |  2.0
Conjurations   | 2 |  2.4
Long Blades    | 4 |  4.1
Throwing       | 1 |  1.7

Action                   |  1- 3 |  4- 6 |  7- 9 || total
-------------------------+-------+-------+-------++-------
Melee: Unarmed           |     8 |       |       ||     8
       Dagger            |    79 |       |       ||    79
       Spear             |       |    87 |    54 ||   141
       Falchion          |       |       |    47 ||    47
       Great sword       |       |       |   108 ||   108
Throw: Tomahawk          |       |     4 |    28 ||    32
 Cast: Freeze            |    34 |    48 |    39 ||   121
       Throw Frost       |    14 |    21 |    18 ||    53
       Throw Icicle      |       |     1 |    12 ||    13
       Summon Ice Beast  |       |       |     6 ||     6
       Ozocubu's Armour  |       |       |     3 ||     3
 Abil: Hop               |       |     1 |     1 ||     2
Evoke: Wand              |       |       |     2 ||     2
  Use: Scroll            |     4 |     4 |     7 ||    15
       Potion            |     1 |     2 |    11 ||    14
 Stab: Sleeping          |     1 |     1 |       ||     2
  Eat: Chunk             |     2 |     6 |     6 ||    14
       Bread ration      |     1 |       |     1 ||     2
       Royal jelly       |       |     1 |     2 ||     3
       Meat ration       |       |       |     1 ||     1
Armor: Leather armour    |    25 |    43 |    86 ||   154
Dodge: Dodged            |    76 |    77 |   133 ||   286
       Rpst.: Falchion   |       |       |     9 ||     9
       Great sword       |       |       |    19 ||    19

Table legend:
 A = Spawn XP
 B = Non-spawn XP
 C = Spawn XP percentage of total XP
 D = Spawn monster count
 E = Non-spawn monster count
 F = Spawn count percentage of total count
 G = Total turns spent on level
                    A         B        C        D         E        F      G
               +---------+---------+-------+---------+---------+-------+---------
         Total |       0 |    2127 |   0.0 |       0 |     131 |   0.0 |  7279
               +---------+---------+-------+---------+---------+-------+---------
           D:1 |       0 |      55 |   0.0 |       0 |      34 |   0.0 |  1770
           D:2 |       0 |     360 |   0.0 |       0 |      23 |   0.0 |  1401
           D:3 |       0 |     116 |   0.0 |       0 |      17 |   0.0 |   788
           D:4 |       0 |     248 |   0.0 |       0 |      17 |   0.0 |  1461
           D:5 |       0 |     963 |   0.0 |       0 |      29 |   0.0 |  1493
           D:6 |       0 |     385 |   0.0 |       0 |      11 |   0.0 |   331
               +---------+---------+-------+---------+---------+-------+---------
